Map: Triton LE

Players

TurkeyDano - Winner!

  • Race: Protoss Protoss
  • League: Master
  • Spawn Location: 11:00

GrimReaperEU

  • Race: Protoss Protoss
  • Spawn Location: 5:00

VOD

Have the link to the VOD?

Description

Time

  • Played on: Oct. 20, 2019, 2:46 p.m.
  • Length: 3:44
Show
View Real Time Build Order
Export as new Build Order

TurkeyDano Protoss - Winner!

Build Orders:  

Get SALT Encoding   

  12  0:00  Probe  
  13  0:12  Probe  
  14  0:17  Pylon  
  14  0:25  Probe (Chrono Boost)  
  16  0:37  Probe (Chrono Boost)  
  16  0:39  Gateway  
  16  0:42  Probe (Chrono Boost)  
  17  0:52  Probe  
  18  0:57  Assimilator  
  18  1:03  Gateway  
  18  1:05  Probe  
  19  1:15  Pylon  
  19  1:17  Probe  
  20  1:25  Zealot (Chrono Boost)  
  22  1:34  Cybernetics Core  
  22  1:42  Probe  
  23  2:08  Stalker (Chrono Boost)  
  23  2:15  Shield Battery x2  
  25  2:17  Stalker (Chrono Boost)  
  25  2:21  Shield Battery  
  25  2:37  Stalker  
  26  2:50  Probe  
  27  2:53  Pylon, Shield Battery  
  27  3:04  Probe  
  28  3:06  Assimilator  
  28  3:16  Probe  
  28  3:19  Pylon  
  29  3:28  Probe  
Show
View Real Time Build Order
Export as new Build Order

GrimReaperEU Protoss 

Build Orders: Cannon Rush 

Get SALT Encoding   

  12  0:00  Probe  
  13  0:12  Probe  
  14  0:20  Pylon  
  14  0:25  Probe  
  15  0:38  Gateway, Probe (Chrono Boost)  
  16  0:49  Probe (Chrono Boost)  
  17  0:52  Forge  
  17  0:54  Probe (Chrono Boost)  
  18  1:06  Probe  
  18  1:07  Assimilator  
  20  1:20  Pylon  
  20  1:23  Pylon  
  19  1:42  Photon Cannon  
  19  1:43  Gateway  
  19  1:46  Photon Cannon  
  19  1:47  Photon Cannon  
  19  1:55  Pylon  
  19  2:14  Photon Cannon  
  19  2:17  Photon Cannon  
  19  2:18  Photon Cannon  
  19  2:24  Photon Cannon  
  19  2:32  Photon Cannon  
  19  2:37  Photon Cannon  
  19  2:44  Photon Cannon  
  19  2:56  Photon Cannon  
  18  3:07  Photon Cannon  
  18  3:13  Zealot (Chrono Boost)  
  18  3:14  Photon Cannon  
  20  3:23  Photon Cannon  
  20  3:30  Photon Cannon  
  20  3:31  Photon Cannon  
Tags
 
League
Master
Matchup
PvP
Spawn Locations
Cross Positions
Add a new tag
Caveats
  • Supply blocks, unpowered buildings, or Contaminate may cause inaccurate times.
  • Supply counts are checked every 10 seconds.